 Dungeon Crawl Stone Soup version 0.18.1-1-g2f07953 (webtiles) character file.

38 Megaslime the Vandal (level 3, 0/26 HPs)
             Began as a Demonspawn Arcane Marksman on May 22, 2016.
             Slain by a jackal (1 damage)
             ... on level 1 of the Dungeon.
             The game lasted 00:02:30 (1271 turns).

Megaslime the Vandal (Demonspawn Arcane Marksman)   Turns: 1271, Time: 00:02:31

Health: 0/26       AC:  2    Str: 11    XL:     3   Next: 25%
Magic:  3/4        EV: 12    Int: 14    God:
Gold:   46         SH:  0    Dex: 13    Spells: 2 memorised, 1 level left

rFire  . . .     SeeInvis .     a - +0 hunting sling
rCold  . . .     Gourm    .     h - +0 robe
rNeg   . . .     Faith    .     (no shield)
rPois  .         Spirit   .     (no helmet)
rElec  .         Dismiss  .     (no cloak)
rCorr  .         Reflect  .     (no gloves)
SustAt .         Harm     .     (no boots)
MR     .....                    (no amulet)
Stlth  +.........               (no ring)
                                (no ring)

@: not resistant to hostile enchantments, very unstealthy
A: hooves 1
a: no special abilities


You were on level 1 of the Dungeon.
You were not hungry.

You visited 1 branch of the dungeon, and saw 2 of its levels.

You collected 46 gold pieces.

Inventory:

Hand Weapons
 a - a +0 hunting sling (weapon)
 b - a +0 short sword
 o - a +1 dagger of draining
Missiles
 d - 4 sling bullets (quivered)
Armour
 h - a +0 robe (worn)
Scrolls
 l - a scroll of magic mapping {unknown}
 m - a scroll of enchant armour {unknown}
 p - a scroll of identify {unknown}
Potions
 e - a potion of curing {unknown}
 k - a potion of mutation {unknown}
 n - a potion of lignification {unknown}
Books
 c - a book of Debilitation

   Spells                             Type                      Level
   a - Corona                         Hexes                        1
   b - Slow                           Hexes                        2
   c - Gell's Gravitas                Hexes/Translocation          3
   d - Inner Flame                    Hexes/Fire                   3
   e - Cause Fear                     Hexes                        4
   f - Leda's Liquefaction            Hexes/Earth                  4
Comestibles
 f - a bread ration
 g - a meat ration
 i - a slice of pizza
 q - a chunk of flesh


   Skills:
 - Level 1.0 Fighting
 * Level 3.3 Slings
 - Level 1.7 Dodging
 - Level 1.0 Spellcasting
 + Level 3.0 Hexes


You had one spell level left.
You knew the following spells:

 Your Spells              Type           Power        Failure   Level  Hunger
a - Corona                Hex            #......      10%         1    ##.....
b - Slow                  Hex            #.......     14%         2    ###....


Dungeon Overview and Level Annotations

Branches:
Dungeon (2/15)

Altars:


Innate Abilities, Weirdness & Mutations

You have large cloven feet.


Message History

The jackal is outlined in light.
The jackal bites you but does no damage.
The jackal closely misses you. The jackal bites you.
* * * LOW HITPOINT WARNING * * *
Firing (i - inventory):
d - 6 sling bullets (quivered)
Press: ? - help, Shift-Dir - straight line, f/p - jackal
Aim: a jackal (heavily wounded, softly glowing)
You shoot a sling bullet.
The sling bullet barely misses the jackal.
The jackal barely misses you. The jackal bites you.
* * * LOW HITPOINT WARNING * * *
The jackal bites you.
* * * LOW HITPOINT WARNING * * *
Firing (i - inventory):
d - 5 sling bullets (quivered)
Press: ? - help, Shift-Dir - straight line, f/p - jackal
Aim: a jackal (heavily wounded, softly glowing)
You shoot a sling bullet.
The sling bullet barely misses the jackal.
The jackal bites you.
You die...

####.# #.# #...# #
#.## #.# ###.# #
#..# #.######.# #
##.#
#.....##.####### #
#.#
###.###...........
#####.### #...#
####........
........# #.#.#
######### #####...#
#h#.# ........#
#@#.# #####...#
#h#.# .# #...# #.#.#
.# #...# #.#.# .#
#...########.#.#
.####..............#
................(###
######.###########
.......#


You could see 2 jackals.

Vanquished Creatures
  2 giant geckos (D:1)
  3 giant cockroaches (D:1)
  7 goblins
  3 hobgoblins (D:1)
  7 jackals
  A ball python (D:1)
  5 bats (D:1)
  2 giant newts (D:1)
  2 kobolds (D:1)
32 creatures vanquished.

Vanquished Creatures (others)
  4 toadstools (D:1)
4 creatures vanquished.

Grand Total: 36 creatures vanquished

Notes
Turn   | Place    | Note
--------------------------------------------------------------
     0 | D:1      | Megaslime the Demonspawn Arcane Marksman began the quest for the Orb.
     0 | D:1      | Reached XP level 1. HP: 15/15 MP: 2/2
   133 | D:1      | Gained mutation: You have large cloven feet. [demonic ancestry]
   133 | D:1      | Reached XP level 2. HP: 10/21 MP: 3/3
   796 | D:1      | Reached XP level 3. HP: 19/26 MP: 4/4
   814 | D:1      | Learned a level 2 spell: Slow
  1270 | D:1      | HP: 2/26 [jackal (2)]
  1271 | D:1      | Slain by a jackal

Skill      XL: |  1  2 |
---------------+-------+-----
Slings         | 2 3 |  3.3
Fighting       | |  1.0
Dodging        | |  1.7
Spellcasting   | |  1.0
Hexes          | |  3.0

Action                   || total
-------------------------++-------
 Fire: Hunting sling     ||   161
 Cast: Corona            ||     2
  Eat: Chunk             ||     1
Armor: Robe              ||    21
Dodge: Dodged            ||    94
